Cogmind - Beta 15 @@@ ROGUE MODE // 2025.08.29 @ 00:33:49 Player: shapeshifter Result: Destroyed by G-47 Trooper with Particle Gun Performance ------------- Evolutions (1) 500 Regions Visited (6) 1200 Robots Destroyed (62) 310 Value Destroyed (1482) 1482 Prototype IDs (23) 460 Alien Tech Used (0) 0 Bonus (300) 300 TOTAL SCORE: 4252 Bonus ------- Aligned with FarCom 300 Cogmind --------- Core Integrity 0/400 Matter 80/300 Energy 265/265 System Corruption 0% Temperature Cool (9) Movement Treading (240) Ox1 Location -8/Mines Parts ------- > --- POWER (1) -------- Improved Ion Engine > --- PROPULSION (2) --- Light Treads > --- UTILITY (3) ------ Large Storage Unit > --- WEAPON (3) ------- Shotgun Shotgun > --- INVENTORY (15) --- Light Treads Light Treads Huge Storage Unit High-capacity Matter Pod (0) High-capacity Matter Pod (0) Seismic Detector Modified TNC PSU Rigger Shotgun Shotgun Shotgun Rocket Launcher Field Lobotomy Kit (5) Plasma Cutter Deploy-a-Sentry Peak State ------------ > --- POWER ------------ Improved Ion Engine > --- PROPULSION ------- Light Treads Light Treads > --- UTILITY ---------- Huge Storage Unit Seismic Detector Light Armor Plating > --- WEAPON ----------- Assault Rifle Heavy Assault Rifle Rocket Launcher > --- INVENTORY -------- Improved Ion Engine Nuclear Core Light Fission Core Light Fission Core Light Treads Light Treads Light Treads Light Treads Light Treads Light Treads Large Storage Unit High-capacity Matter Pod High-capacity Matter Pod High-capacity Matter Pod Hardened Light Armor Plating Assault Rifle Assault Rifle Assault Rifle Shotgun Shotgun Shotgun Shotgun Shotgun Shotgun Plasma Cutter [Rating: 16] Favorites ----------- Power Improved Ion Engine Engine Improved Ion Engine Propulsion Light Treads Treads Light Treads Wheel Compact Wheel Utility Light Armor Plating Device Seismic Detector Storage Huge Storage Unit Protection Light Armor Plating Weapon Assault Rifle Ballistic Gun Assault Rifle Launcher Rocket Launcher Build | -11 -10 -10 -9 -9 -9 -8 ------- Run | Yrd Mat Min Mat Min Exi Min Slots Evolved 2 | . . . 2 . . . Power . | . . . . . . . Propulsion . | . . . . . . . Utility 1 | . . . 1 . . . Weapon 1 | . . . 1 . . . Parts Attached 43 | 7 1 1 18 . 16 . Power 4 | 1 . . 2 . 1 . Engine 4 | 1 . . 2 . 1 . Core . | . . . . . . . Reactor . | . . . . . . . Propulsion 13 | 2 . . 7 . 4 . Treads 11 | 2 . . 5 . 4 . Leg . | . . . . . . . Wheel 2 | . . . 2 . . . Hover . | . . . . . . . Flight . | . . . . . . . Utility 14 | 2 1 1 6 . 4 . Device 2 | 1 . . 1 . . . Storage 6 | 1 1 . 1 . 3 . Processor . | . . . . . . . Hackware . | . . . . . . . Protection 6 | . . 1 4 . 1 . Artifact . | . . . . . . . Weapon 12 | 2 . . 3 . 7 . Energy Gun . | . . . . . . . Energy Cannon . | . . . . . . . Ballistic Gun 11 | 2 . . 3 . 6 . Ballistic Cannon . | . . . . . . . Launcher 1 | . . . . . 1 . Special Weapon . | . . . . . . . Impact Weapon . | . . . . . . . Slashing Weapon . | . . . . . . . Piercing Weapon . | . . . . . . . Special Melee Weapon . | . . . . . . . Unidentified Prototypes . | . . . . . . . Parts Lost 18 | . . . 3 . 13 2 Power 1 | . . . . . 1 . Propulsion 5 | . . . . . 4 1 Utility 5 | . . . 2 . 3 . Weapon 7 | . . . 1 . 5 1 Highest Loss Streak 6 | . . . 1 . 6 2 To Critical Strikes 7 | . . . . . 7 . Average Backups 19 | 3 6 11 22 25 18 14 Power 1 | . 1 2 1 1 1 . Propulsion 5 | 1 2 2 8 8 4 2 Utility 4 | . . 4 5 5 4 6 Weapon 6 | . 1 3 7 10 6 4 Tool/Special . | . . . . . . . Unused Backups 24 | . 1 . 11 . 4 8 Power 5 | . . . 2 . 3 . Propulsion 4 | . . . 2 . . 2 Utility 3 | . . . 1 . . 2 Weapon 10 | . 1 . 6 . 1 2 Tool/Special 2 | . . . . . . 2 Average Slot Usage (%) 96 | . 100 100 99 100 92 76 Engine 11 | . 14 14 11 11 10 11 Treads 21 | . 28 28 20 22 21 22 Device 5 | . 14 6 3 11 5 . Storage 12 | . 14 14 11 11 14 11 Protection 10 | . . 7 17 11 6 . Ballistic Gun 31 | . 28 28 33 33 28 32 Launcher 1 | . . . . . 4 . Peak Build Rating 16 | 7 7 8 13 13 16 15 Average Rating 12 | 5 7 7 12 13 13 14 On Entrance 9 | . 7 7 8 13 13 15 Naked Turns . | . . . . . . . Heaviest Build 105 | 14 29 31 99 97 105 36 Greatest Support 40 | 40 40 40 40 40 40 40 Greatest Overweight (x) 5 | . . . 5 2 2 . Average Overweight (x) 1 | . . . 2 2 1 . Largest Inventory Capacity 25 | 8 15 15 25 25 25 15 Average Capacity 21 | 7 9 15 24 25 22 15 Most Carried 25 | 5 8 14 25 25 25 15 Average Carried 19 | 3 5 12 22 25 18 15 Final Capacity 25 | 8 15 15 25 25 15 15 Final Carried 25 | 4 8 14 25 25 15 15 Class Distribution -------------------- 48% | Tank 20% | Scavenger-Tank 17% | Gunner 13% | Mutant Dominant Class ---------------- Mutant | -10/Materials Mutant | -10/Mines Tank | -9/Materials Tank | -9/Mines Tank | -9/Exiles Gunner | -8/Mines Resources | -11 -10 -10 -9 -9 -9 -8 ----------- Run | Yrd Mat Min Mat Min Exi Min Matter Collected 1577 | 314 68 146 802 27 91 129 Remotely . | . . . . . . . Salvage Created 2014 | 138 339 . 1223 78 107 129 Parts 144 | 10 16 . 86 5 21 6 Haulers Intercepted 4 | . . . 4 . . . Recyclers Shooed 4 | . . . 4 . . . Parts Field Recycled . | . . . . . . . Retrieved Matter . | . . . . . . . Parts Self-Destructed . | . . . . . . . Prevented . | . . . . . . . Kills | -11 -10 -10 -9 -9 -9 -8 ------- Run | Yrd Mat Min Mat Min Exi Min Combat Hostiles Destroyed 42 | . 8 . 24 2 5 3 Guns 38 | . 8 . 24 2 1 3 AOE 4 | . . . . . 4 . Classes Destroyed 11 | 2 1 . 5 . 3 . Tunneler 3 | 2 . . 1 . . . Hauler 4 | . . . 4 . . . Recycler 2 | 1 . . 1 . . . Turret 1 | . . . . . 1 . Watcher 4 | . . . 4 . . . Swarmer 6 | . . . 6 . . . Grunt 24 | . 8 . 11 2 . 3 Brawler 1 | . . . 1 . . . Sentry 6 | . . . 6 . . . Zionite 8 | . . . . . 8 . Assembled 4 | . . . . . 4 . Best Kill Streak 7 | 3 4 . 7 2 6 3 Combat Bots Only 7 | . 4 . 7 2 4 3 Max Kills in Single Turn 3 | 1 1 . 2 1 3 1 Gunslinging 1 | . . . 1 . . . Exploded 2 | . . . . . 2 . Melee . | . . . . . . . Uniques/NPCs Destroyed 4 | . . . . . 4 . 8R-AWN (-9/Exiles) EX-BIN (-9/Exiles) EX-HEX (-9/Exiles) EX-DEC (-9/Exiles) Combat | -11 -10 -10 -9 -9 -9 -8 -------- Run | Yrd Mat Min Mat Min Exi Min Hostile Shots Fired 269 | . 51 . 90 4 91 33 Missed 49 | . 12 . 24 1 6 6 Hits 220 | . 39 . 66 3 85 27 Melee 3 | . . . 2 . . 1 Projectile 217 | . 39 . 64 3 85 26 Critical Strikes 50 | . 1 . 4 1 44 . Damage Taken 3336 | . 462 . 850 47 1493 484 Core 591 | . 175 . 67 . 269 80 Absorbed by Shields . | . . . . . . . Core Remaining (%) 65 | 100 . 30 . . . . Volleys Fired 229 | 11 41 . 84 3 76 14 Largest 3 | 2 2 . 3 3 3 3 Hottest 69 | 40 40 . 60 60 69 69 Shots Fired 556 | 22 82 . 250 9 154 39 Gun 524 | 22 82 . 250 9 122 39 Cannon . | . . . . . . . Launcher 32 | . . . . . 32 . Special . | . . . . . . . Kinetic 524 | 22 82 . 250 9 122 39 Thermal . | . . . . . . . Explosive 32 | . . . . . 32 . Electromagnetic . | . . . . . . . Robot Hit Streak 17 | 8 9 . 10 5 17 9 Robot Miss Streak 5 | 2 5 . 4 1 5 4 Penetration Max . | . . . . . . . Secondary Targets 11 | . 2 . 6 1 . 2 Max Gunslinging Chain 1 | . 1 . 1 1 . 1 Shots Hit Robots 356 | 15 48 . 151 7 102 33 Core Hits 146 | 6 21 . 61 4 43 11 Critical Kills 1 | . . . . . . 1 Critical Parts Destroyed . | . . . . . . . Critical Strikes 2 | . . . . . 1 1 Destroy 2 | . . . . . 1 1 Melee Attacks . | . . . . . . . Impact . | . . . . . . . Slashing . | . . . . . . . Piercing . | . . . . . . . Sneak Attacks . | . . . . . . . Combat Hostiles . | . . . . . . . Follow-up Attacks . | . . . . . . . Damage Inflicted 5858 | 167 536 . 1803 79 2777 496 Guns 4441 | 167 536 . 1803 79 1360 496 Cannons . | . . . . . . . Explosions 1417 | . . . . . 1417 . Melee . | . . . . . . . Ramming . | . . . . . . . Kinetic 4441 | 167 536 . 1803 79 1360 496 Thermal . | . . . . . . . Explosive 1417 | . . . . . 1417 . Electromagnetic . | . . . . . . . Impact . | . . . . . . . Slashing . | . . . . . . . Piercing . | . . . . . . . Highest Corruption . | . . . . . . . Average Corruption . | . . . . . . . Corruption Purged . | . . . . . . . Corruption Blocked . | . . . . . . . Overload Shots . | . . . . . . . Overflow Damage 66 | . . . . . 66 . Projectiles . | . . . . . . . Explosions 66 | . . . . . 66 . Melee . | . . . . . . . Knockbacks . | . . . . . . . Impact . | . . . . . . . Kinetic . | . . . . . . . Secondary . | . . . . . . . Self-Inflicted Damage . | . . . . . . . Shots . | . . . . . . . Rammed . | . . . . . . . Targets Rammed . | . . . . . . . Kicked . | . . . . . . . Crushed . | . . . . . . . Highest Temperature 157 | . 36 . 117 39 157 133 Average Temperature 45 | . 11 . 25 27 89 72 Received Heat Transfer 867 | . 261 . 327 45 . 234 Siege Activations . | . . . . . . . Martial Activations . | . . . . . . . Shielding Activations . | . . . . . . . Robots Disrupted . | . . . . . . . Combat Hostiles . | . . . . . . . Robots Corrupted . | . . . . . . . Combat Hostiles . | . . . . . . . Parts Fried . | . . . . . . . Impact Corruptions . | . . . . . . . Robots Melted . | . . . . . . . Combat Hostiles . | . . . . . . . Parts Melted . | . . . . . . . Heat Transferred . | . . . . . . . Parts Sabotaged . | . . . . . . . Parts Stolen . | . . . . . . . Parts Stripped . | . . . . . . . Power Chain Reactions . | . . . . . . . Alert | -11 -10 -10 -9 -9 -9 -8 ------- Run | Yrd Mat Min Mat Min Exi Min Maximum Alert Level . | . . . . . . . Low Security (%) 100 | 100 100 100 100 100 . 100 Level 1 . | . . . . . . . Level 2 . | . . . . . . . Level 3 . | . . . . . . . Level 4 . | . . . . . . . Level 5 . | . . . . . . . High Security . | . . . . . . . Max Security . | . . . . . . . Peak Influence 176 | 10 89 . 176 121 . 60 Initial 41 | . . . . 41 . . Average 67 | 1 27 . 95 25 . 17 Influence Increases 1072 | 15 211 . 696 80 . 70 Destroy 0b10 Robot/C 740 | . 160 . 480 40 . 60 Destroy 0b10 Robot/NC 65 | 15 . . 50 . . . Destroy Leader 196 | . 40 . 136 10 . 10 Successful Hack 11 | . 11 . . . . . Disable Machine 45 | . . . 15 30 . . Lose Combat Pursuer 15 | . . . 15 . . . Influence Decreases 1072 | 15 211 . 589 187 . 70 Entered New Map 66 | . . . . 66 . . Time Decay 986 | 15 211 . 569 121 . 70 Lost Part 20 | . . . 20 . . . Squads Dispatched 7 | . 3 . 4 . . . Investigation 3 | . 1 . 2 . . . Extermination . | . . . . . . . Reinforcement 4 | . 2 . 2 . . . Assault . | . . . . . . . Garrison . | . . . . . . . Intercept . | . . . . . . . Searches Triggered . | . . . . . . . Construction Impeded . | . . . . . . . Haulers Reinforced . | . . . . . . . Active Scanning Responses . | . . . . . . . Cargo Convoy Interrupts . | . . . . . . . Stealth | -11 -10 -10 -9 -9 -9 -8 --------- Run | Yrd Mat Min Mat Min Exi Min Distress Signals 3 | . 2 . 1 . . . Communications Jammed . | . . . . . . . Distress Signals . | . . . . . . . Times Spotted 77 | . 19 . 37 1 15 5 Peak Tracking Total 10 | . 5 . 6 1 10 3 Tactical Retreats 3 | . . . 1 . 2 . Traps | -11 -10 -10 -9 -9 -9 -8 ------- Run | Yrd Mat Min Mat Min Exi Min Traps Triggered 2 | . . . 2 . . . Indirectly . | . . . . . . . Trap Hack Attempts . | . . . . . . . Triggered . | . . . . . . . Disarmed . | . . . . . . . Reprogrammed . | . . . . . . . Reused . | . . . . . . . Traps Extracted . | . . . . . . . Installed . | . . . . . . . Triggered . | . . . . . . . Machines | -11 -10 -10 -9 -9 -9 -8 ---------- Run | Yrd Mat Min Mat Min Exi Min Machines Disabled 24 | . . . 1 2 21 . Max in Single Turn 4 | . . . 1 1 4 . Machines Repaired . | . . . . . . . Machines Dismantled . | . . . . . . . Machines Sabotaged . | . . . . . . . Overloaded Fab Kills . | . . . . . . . Hacking | -11 -10 -10 -9 -9 -9 -8 --------- Run | Yrd Mat Min Mat Min Exi Min Machines Accessed 11 | . 3 . 6 . 2 . Terminals 8 | . 3 . 5 . . . Fabricators . | . . . . . . . Repair Stations . | . . . . . . . Recycling Units 1 | . . . 1 . . . Scanalyzers . | . . . . . . . Garrison Access . | . . . . . . . Total Hacks 29 | . 11 . 16 . 2 . Successful 14 | . 5 . 7 . 2 . Failed 15 | . 6 . 9 . . . Catastrophic 1 | . . . 1 . . . Database Lockouts . | . . . . . . . Manual 24 | . 10 . 13 . 1 . Terminals 23 | . 11 . 12 . . . Fabricators . | . . . . . . . Repair Stations . | . . . . . . . Recycling Units 4 | . . . 4 . . . Scanalyzers . | . . . . . . . Garrison Access . | . . . . . . . Terminal Hacks 4 | . 2 . . . 2 . Record 1 | . . . . . 1 . Registered Components 2 | . 2 . . . . . Proto ID Catalog 1 | . . . . . 1 . Fabricator Hacks . | . . . . . . . Repair Station Hacks . | . . . . . . . Recycling Unit Hacks 2 | . . . 2 . . . Report Inventory 1 | . . . 1 . . . Retrieve Components 1 | . . . 1 . . . Scanalyzer . | . . . . . . . Garrison Access Hacks . | . . . . . . . Unauthorized Hacks 8 | . 3 . 5 . . . Terminals 8 | . 3 . 5 . . . Botnet 8 | . 3 . 5 . . . Fabricators . | . . . . . . . Repair Stations . | . . . . . . . Recycling Units . | . . . . . . . Scanalyzers . | . . . . . . . Garrison Access . | . . . . . . . Data Cores Recovered . | . . . . . . . Used . | . . . . . . . Hacking Detections 7 | . 2 . 5 . . . Full Trace Events 1 | . 1 . . . . . Feedback Events . | . . . . . . . Feedback Blocked . | . . . . . . . Robot Schematics Acquired . | . . . . . . . Robots Built . | . . . . . . . Authchips . | . . . . . . . Time . | . . . . . . . Total Robot Build Rating . | . . . . . . . Part Schematics Acquired . | . . . . . . . Parts Built . | . . . . . . . Authchips . | . . . . . . . Time . | . . . . . . . Total Part Build Rating . | . . . . . . . Parts Repaired . | . . . . . . . Time . | . . . . . . . Parts Recycled . | . . . . . . . Recycled Matter . | . . . . . . . Retrieved Matter . | . . . . . . . Retrieved Components 1 | . . . 1 . . . Parts Scanalyzed . | . . . . . . . Part Schematics Acquired . | . . . . . . . Parts Damaged . | . . . . . . . Bothacking | -11 -10 -10 -9 -9 -9 -8 ------------ Run | Yrd Mat Min Mat Min Exi Min Used RIF Installer . | . . . . . . . Robots Hacked . | . . . . . . . Non-combat . | . . . . . . . Combat . | . . . . . . . Robot Hacks Applied . | . . . . . . . Relay Couplers Released . | . . . . . . . Fabnet Peak Effective % . | . . . . . . . Robots Rewired . | . . . . . . . Allies Hacked . | . . . . . . . Hacks Repelled . | . . . . . . . Allies | -11 -10 -10 -9 -9 -9 -8 -------- Run | Yrd Mat Min Mat Min Exi Min Total Allies 4 | . . . . 4 . . Largest Group 4 | . . . . 4 4 . Highest-Rated Group 71 | . . . . 71 71 . Highest-Rated Ally 31 | . . . . 31 31 . Total Orders . | . . . . . . . Ally Attacks 6 | . . . . . 6 . Total Damage 62 | . . . . . 62 . Kills 1 | . . . . . 1 . Allies Corrupted . | . . . . . . . Allies Melted . | . . . . . . . Intel | -11 -10 -10 -9 -9 -9 -8 ------- Run | Yrd Mat Min Mat Min Exi Min Active Infowar (turns) 3338 | 13 641 26 1027 614 1017 . Seismic 3338 | 13 641 26 1027 614 1017 . Robot Analysis Total . | . . . . . . . Derelict Logs Recovered 1 | . . . . 1 . . Drone Launches . | . . . . . . . Drone Recoveries . | . . . . . . . Exploration | -11 -10 -10 -9 -9 -9 -8 ------------- Run | Yrd Mat Min Mat Min Exi Min Turns Passed 6653 | 153 641 80 2886 614 2028 251 Spaces Moved 2368 | 75 309 46 924 187 697 130 Core 13 | 13 . . . . . . Treads 2178 | 62 309 46 747 187 697 130 Legs . | . . . . . . . Wheels 177 | . . . 177 . . . Hover . | . . . . . . . Flight . | . . . . . . . Fastest Speed 50 | 50 160 160 135 320 160 160 Average Speed 242 | 140 160 160 269 320 253 160 Slowest Speed 320 | 160 160 160 320 320 320 160 Overloaded Moves . | . . . . . . . Propulsion Burnouts . | . . . . . . . Robots Hopped . | . . . . . . . Potential Cave-ins . | . . . . . . . Cave-ins Triggered . | . . . . . . . Exploration Rate (%) 45 | 4 60 9 61 56 92 39 Regions Visited 6 Branch Regions 4 Pre-discovered Areas 1 | . . . . . 1 . Known Exits Taken . | . . . . . . . Unknown Exits Taken 6 | 1 1 1 1 1 1 . Scrap Searched 1 | . . 1 . . . . Spaces Dug . | . . . . . . . Terrain Destroyed 58 | . . . . . 58 . Melee . | . . . . . . . Projectile . | . . . . . . . AOE 58 | . . . . . 58 . Terrain Rammed . | . . . . . . . Walls Destroyed . | . . . . . . . Machines Disabled . | . . . . . . . Actions | -11 -10 -10 -9 -9 -9 -8 --------- Run | Yrd Mat Min Mat Min Exi Min Total 2865 | 103 383 52 1150 198 835 144 Wait 124 | . 26 . 61 9 28 . Move 2362 | 74 308 45 923 186 696 130 Hop . | . . . . . . . Pick Up 66 | 11 5 6 37 . 7 . Fast Attach 1 | . . . 1 . . . Attach 26 | 7 . . 6 . 13 . Detach 2 | . . . . . 2 . Swap 22 | . 1 1 13 . 7 . Drop 33 | . 2 . 25 . 6 . Fire 229 | 11 41 . 84 3 76 14 Melee . | . . . . . . . Ram . | . . . . . . . Kick . | . . . . . . . Crush . | . . . . . . . Escape Stasis . | . . . . . . . Rewire . | . . . . . . . Trap . | . . . . . . . Miscellaneous . | . . . . . . . Route ------- -11/Scrapyard -10/Materials (discovered 2 exits: *Mat / [*Min]) -10/Mines -9/Materials (discovered 3 exits: [*Mat x2] / [*Min]) -9/Mines -9/Exiles -8/Mines History --------- Turn | Location | Event 5 | -11/Scrapyard | Discovered new exit (range 15) 154 | -11/Scrapyard | Entered Materials 290 | -10/Materials | Discovered new exit (range 8) 314 | -10/Materials | Build established: Mutant 503 | -10/Materials | Discovered new exit (range 12) 534 | -10/Materials | Core integrity fell below 50% 795 | -10/Materials | Entered Mines 860 | -10/Mines | Discovered new exit (range 6) 868 | -10/Mines | Received a Rocket Launcher from a helpful Derelict 875 | -10/Mines | Entered Materials 875 | -9/Materials | Evolved 2 slots: Utility x1, Weapon x1 1076 | -9/Materials | Discovered new exit (range 15) 1161 | -9/Materials | Build established: Tank 1609 | -9/Materials | Destroyed 7 combat bots 1729 | -9/Materials | Discovered new exit (range 3) 1894 | -9/Materials | Build established: Scavenger-Tank 2562 | -9/Materials | Discovered new exit (range 8) 3164 | -9/Materials | Build established: Tank 3761 | -9/Materials | Entered Mines 3785 | -9/Mines | Met a Derelict bent on vengeance 3957 | -9/Mines | Assisted by bots powering up and referring to "LRC-V3" 4165 | -9/Mines | Received a Mining Laser from a helpful Derelict 4229 | -9/Mines | Learned Materials stockpile data 4350 | -9/Mines | Deemed a non-threat by the Exiles lab entrance 4354 | -9/Mines | Discovered new exit (range 5) 4375 | -9/Mines | Entered Exiles 4375 | -9/Exiles | Accompanied by 4 allies 4462 | -9/Exiles | Met 8R-AWN 4588 | -9/Exiles | Met EX-HEX 4726 | -9/Exiles | Learned location of Zion (-6) 4777 | -9/Exiles | Met EX-BIN 5007 | -9/Exiles | Aligned with FarCom system 5010 | -9/Exiles | Given EX-Vault access code 5084 | -9/Exiles | Opened EX-Vault 5170 | -9/Exiles | Warned to stay clear of 0b10 Research branches 5257 | -9/Exiles | Met EX-DEC 5307 | -9/Exiles | Attacked by the Exiles 5372 | -9/Exiles | Lost 3 allies 5450 | -9/Exiles | Core integrity fell below 50% 5468 | -9/Exiles | Lost 6 parts (2n1u3w) 5523 | -9/Exiles | Core integrity fell below 20% 5531 | -9/Exiles | Destroyed 8R-AWN 5557 | -9/Exiles | Lost 6 parts (1p2n1u2w) 5768 | -9/Exiles | Build established: Gunner 5787 | -9/Exiles | Destroyed EX-BIN 5805 | -9/Exiles | Destroyed EX-HEX 5817 | -9/Exiles | Destroyed EX-DEC 5954 | -9/Exiles | Found Deploy-a-Sentry 6115 | -9/Exiles | Found Field Lobotomy Kit 6121 | -9/Exiles | Found PSU Rigger 6128 | -9/Exiles | Found Modified TNC 6382 | -9/Exiles | Discovered new exit (range 12) 6403 | -9/Exiles | Stole four prototypes: Modified TNC, PSU Rigger, Field Lobotomy Kit, Deploy-a-Sentry 6403 | -9/Exiles | Entered Mines 6654 | -8/Mines | Destroyed by G-47 Trooper with Particle Gun Last Messages --------------- 06403_ G-47 Trooper destroyed. 06403_ Switching to secondary target: G-47 Trooper. 06405_ Laser Drill disabled. 06416_ G-47 Trooper destroyed. 06416_ Switching to secondary target: G-50 Soldier. 06429_ Acquired 56 matter. 06430_ R-06 Scavenger collects Aluminum Leg. 06433_ R-06 Scavenger collects Lgt. Nuclear Core. 06434_ G-50 Soldier destroyed. 06437_ R-06 Scavenger collects Aluminum Leg. 06439_ Acquired 41 matter. 06440_ R-06 Scavenger collects Imp. Heat Sink. 06446_ Acquired 32 matter. 06496_ T-07 Excavator is excavating. 06531_ K-01 Serf collects debris. 06646_ Shotgun destroyed. 06650_ Lgt. Treads destroyed. Map ----- +----------------------------------------------------+ | | | | | ?????????????????????????????????????????????????? | | ?????????????????????????????????????????????????? | | ?????????????????????????????????????????????????? | | ?????????????????????????????????????????????????? | | ?????????????????????????????????????????????????? | | ?????????????????????????????????????????????????? | | ?????????????????????????????????????????????????? | | ?????????????????????????????????????????????????? | | ?????????????????????????????????????????????????? | | ?????????????????????????????????????????#####???? | | ????????????????????????????????????????# ##??? | | ???????????????????????????????????????# #??? | | ??????????????????????????????####????? #??? | | ?????????????????????????????## ##???? #???? | | ?????????????????????????????# ##??# #????? | | ???????????????? ?? ????????# ### #????? | | ????????????????# """???????## #????? | | ????????????????# """????????#### #?????? | | ?????????????????# """ ??????????## ####?????? | | ?????????????????#gg #??????????# ##????????? | | ??????????????????# #?????????## ##????????? | | ????????????????????# ##???????## ##???????? | | ?????????????????????# l ##??????# ##??????? | | ?????????????????????# @ ######## ##?????? | | ?????????????????????# ## #?????? | | ?????????????????????## ###### ### #?????? | | ??????????????????????## ##????# ### #?????? | | ???????????????????????####?????# ##?????? | | ????????????????????????????????# #### ##??????? | | ????????????????????????????????# #??### #???????? | | ????????????????????????????????# #????# #???????? | | ????????????????????????????????# #????# #### # | | ????????????????????????????????# #????# | | ????????????????????????????????# ###### #### | | ????????????????????????????????# ## #???????? | | ????????????????????????????????# ## ####???????? | | ????????????????????????????????# ## #??????????? | | ????????????????????????????????# #??????????? | | ????????????????????????????????#### ####### """ | | ???????????????????????????????????# """ | | ??????????????????????????????###### ###### """ | | ??????????????????????????????# ## #??????????? | | ?????????????????????????????## #####??????? | | ?????????????????????????????# #??????? | | ????????????????????????????## #??????? | | ?????????????????????######## #### #??????? | | ?????????????????????# #????#??????? | | ?????????????????????# ##???????????? | +----------------------------------------------------+ Best States ------------- Heat Dissipation 28 Energy Generation 12 Energy Capacity 265 Matter Stores 300 Matter Capacity 700 Sight Range 16 Terrain Scan Density 10 Armor Coverage 300 Evasion (%) 40 Recoil Reduction 2 Item Schematics ----------------- None Robot Schematics ------------------ None Fabricated ------------ Nothing Repaired ---------- Nothing Alien Tech Used ----------------- None Achievements -------------- None Challenges ------------ None Game ------ Seed SurveybotMagneticChainsaw Manual? 0 Play Time 00:26:11 Cumulative 220.3 hours Start 2025.08.29 @ 00:08:26 End 2025.08.29 @ 00:33:49 Sessions 1 Manual Loads 0 Difficulty Rogue Special Mode None Game No. 326 Rogue 326 Adventurer 0 Explorer 0 Win Type - Total 4 Types 3/0/1/0/0/0/0/0/0/0 Lore% 80 Gallery% 76 Achievement% 57 Wizard Run 0 Options --------- Layout 1 ASCII 0 Keyboard 0 Movement Mouse Keybinds 0 Fullscreen 1 Font 24/Smallcaps Map View 50x40 Zoom Use 0% Tactical HUD 1 Map Filters NONE Filters NONE Steam 1 RUN: c25a146c-1161-45a0-a89f-065d695abb25